AoeStats
← MoncusJBAJ

Black Forest

510429427Analyzed
3v3 RM · 1d ago on Oct 1, 2026· 67m 1s· 6 players
Game mode
Random Map
Map size
Normal (6 player)
Population
200
Speed
Normal
Resources
Standard
Victory
Conquest
Starting age
Dark Age
Ending age
Imperial Age
RankedLock teamsTeams togetherTeam positionsShared explorationLock speedFull tech treeHidden civsTurbo modeCheats
Victory
Defeat
🇺🇸 Maya · United States
905
+13
🇪🇸 Burmese · Spain
901
+13
🇺🇸 Mongols · United States
741
+18
🇵🇪 Lithuanians · Peru
896
-18
🇺🇸 Chinese · United States
811
-14
🇵🇪 Burgundians · Peru
763
-12
GoEchi
0:38 Loom
10:49 Feudal Age
17:13 Castle Age
15:13 Double-Bit Axe
21:51 Horse Collar
23:37 Bow Saw
29:01 Imperial Age
26:37 Stone Mining
26:40 Gold Mining
29:44 Stone Shaft Mining
29:20 Town Watch
29:49 Forging
29:46 Scale Barding Armor
30:33 Heavy Plow
31:53 Iron Casting
33:14 Two-Man Saw
34:21 Wheelbarrow
34:49 Chain Barding Armor
35:40 Elite Leitis
37:05 Bloodlines
36:16 Light Cavalry
36:59 Husbandry
37:59 Hand Cart
39:13 Plate Barding Armor
39:51 Chemistry
39:07 Padded Archer Armor
38:58 Fletching
39:23 Fortified Wall
39:19 Town Patrol
39:57 Winged Hussar
39:59 Cavalier
40:53 Onager
42:50 Scale Mail Armor
43:08 Leather Archer Armor
42:48 Bodkin Arrow
44:03 Crop Rotation
43:58 Treadmill Crane
44:15 Murder Holes
45:07 Devotion
52:40 Elite Skirmisher
53:25 Thumb Ring
53:56 Ring Archer Armor
57:17 Bracer
57:33 Chain Mail Armor
59:49 Caravan
60:19 Coinage
59:59 Guilds
henry j.waternoose
0:35 Loom
McLovin
1:07 Loom
12:57 Feudal Age
19:41 Castle Age
20:29 Fletching
24:44 Double-Bit Axe
30:00 Imperial Age
28:58 Gold Mining
29:01 Stone Mining
29:50 Bow Saw
30:34 Gold Shaft Mining
31:55 Chemistry
32:37 Two-Man Saw
32:15 Wheelbarrow
33:18 Bodkin Arrow
34:35 Bracer
36:31 Stone Shaft Mining
38:01 Hand Cart
41:41 Fortified Wall
41:58 Padded Archer Armor
42:35 Ballistics
50:36 Burgundian Vineyards
51:51 Town Watch
56:22 Elite Skirmisher
59:44 Onager
66:05 Flemish Revolution
MoncusJBAJ
0:46 Loom
12:13 Feudal Age
13:26 Double-Bit Axe
21:46 Castle Age
19:40 Fishing Lines
22:10 Fletching
22:22 Padded Archer Armor
25:49 Bow Saw
25:32 Gold Mining
26:07 Bloodlines
25:57 Bodkin Arrow
26:17 Leather Archer Armor
27:20 Stone Mining
30:16 Gillnets
33:45 Imperial Age
33:03 Ballistics
32:39 Murder Holes
32:55 Masonry
32:55 Fortified Wall
32:58 Masonry
33:20 Nomads
35:13 Horse Collar
36:00 Husbandry
35:22 Light Cavalry
36:09 Scale Barding Armor
36:05 Bracer
36:16 Forging
37:11 Chemistry
36:45 Drill
36:39 Caravan
37:32 Elite Mangudai
39:11 Conscription
39:25 Thumb Ring
39:41 Onager
40:44 Hussar
43:19 Wheelbarrow
43:10 Chain Barding Armor
43:32 Siege Onager
44:50 Hand Cart
45:41 Iron Casting
47:50 Coinage
56:05 Heavy Camel Rider
59:34 Blast Furnace
59:29 Siege Engineers
60:12 Hoardings
67:21 Parthian Tactics
Teblu
0:29 Loom
19:04 Feudal Age
23:36 Castle Age
21:24 Fishing Lines
21:50 Horse Collar
22:24 Double-Bit Axe
33:01 Wheelbarrow
35:41 Imperial Age
35:31 Ballistics
35:07 Fletching
35:17 Padded Archer Armor
38:22 Conscription
38:27 Gold Mining
38:28 Stone Mining
40:34 Heavy Plow
41:08 Gillnets
42:15 Elite Plumed Archer
43:19 Leather Archer Armor
43:54 Caravan
45:18 Stone Shaft Mining
46:11 Guilds
45:36 Onager
46:31 Bodkin Arrow
47:07 Ring Archer Armor
47:42 Chemistry
47:46 Bracer
56:56 Forging
56:47 Scale Mail Armor
57:21 Holcans
57:06 Eagle Warrior
57:47 Squires
57:36 Arson
58:50 Elite Eagle Warrior
61:04 Capped Ram
63:16 Iron Casting
62:58 Chain Mail Armor
65:59 Siege Ram
Ortegasmo 14
11:44 Loom
13:29 Feudal Age
18:20 Castle Age
22:21 Wheelbarrow
21:40 Fishing Lines
24:55 Hand Cart
25:47 Gillnets
28:31 Imperial Age
25:48 Town Watch
27:43 Gold Mining
29:34 Ballistics
29:50 Stone Mining
33:29 Forging
33:24 Scale Barding Armor
33:09 Fletching
33:20 Padded Archer Armor
35:36 Iron Casting
35:22 Chain Barding Armor
34:47 Treadmill Crane
36:07 Chemistry
36:34 Bodkin Arrow
36:42 Scale Mail Armor
37:05 Conscription
36:49 Howdah
36:54 Manipur Cavalry
36:15 Elite Arambai
38:50 Siege Engineers
42:26 Husbandry
42:37 Bloodlines
43:39 Light Cavalry
43:42 Elite Battle Elephant
50:20 Squires
49:44 Hussar
53:31 Plate Barding Armor
53:56 Blast Furnace
53:12 Chain Mail Armor
52:57 Bracer
Connection lost

Rejoining the realm…

Still unreachable

The connection could not be restored.

Session expired

The server has moved on; the page needs a fresh start.